[ AOE2 MATCH · #469494773 ]
UnrankedFranks vs Persians
[ REPLAY ANALYSIS · EXTRACTED FROM THE RECORDED GAME ]
Feudal
10:07
Castle
—
Imperial
—
| APM avg | 36.5 |
| APM peak | 69 |
| eAPM avg | 11.5 |
| Villagers / military | 35 / 3 |
Focus
⚔️ 13.2% · 🌾 86.8%
Scout Cavalry ×3
Feudal
10:14
Castle
—
Imperial
—
| APM avg | 53.2 |
| APM peak | 89 |
| eAPM avg | 21.3 |
| Villagers / military | 21 / 9 |
Focus
⚔️ 46.7% · 🌾 53.3%
Archer ×9
Feudal
8:44
Castle
—
Imperial
—
| APM avg | 31.9 |
| APM peak | 53 |
| eAPM avg | 15.8 |
| Villagers / military | 39 / 5 |
Focus
⚔️ 24.8% · 🌾 75.2%
Scout Cavalry ×5
Feudal
9:23
Castle
—
Imperial
—
| APM avg | 26.4 |
| APM peak | 61 |
| eAPM avg | 11.2 |
| Villagers / military | 24 / 3 |
Focus
⚔️ 33.6% · 🌾 66.4%
Scout Cavalry ×3
Feudal
8:32
Castle
—
Imperial
—
| APM avg | 41.4 |
| APM peak | 81 |
| eAPM avg | 17.4 |
| Villagers / military | 26 / 5 |
Focus
⚔️ 43.9% · 🌾 56.1%
Scout Cavalry ×5
Feudal
8:31
Castle
—
Imperial
—
| APM avg | 34.1 |
| APM peak | 66 |
| eAPM avg | 15.2 |
| Villagers / military | 25 / 8 |
Focus
⚔️ 44.9% · 🌾 55.1%
Archer ×8
Feudal
8:55
Castle
—
Imperial
—
| APM avg | 49.9 |
| APM peak | 110 |
| eAPM avg | 16.8 |
| Villagers / military | 33 / 8 |
Focus
⚔️ 22.7% · 🌾 77.3%
Scout Cavalry ×5 · Spearman ×3
Feudal
9:49
Castle
—
Imperial
—
| APM avg | 48.7 |
| APM peak | 112 |
| eAPM avg | 23.4 |
| Villagers / military | 28 / 11 |
Focus
⚔️ 40.2% · 🌾 59.8%
Archer ×10 · Spearman ×1
Match map
Initial resources + every placement click. Lines = walls · curves = elevation contours. ◆ gold · ⬟ stone · ● berries · ✦ relic · ◌ wall gap
Inputs per minute
— Flex - - Jeremy V
Build order — Flex
63 actions detected in the replay
| 0:03 | Queue | Villager (Male) |
| 0:03 | Queue | Villager (Male) |
| 0:04 | Queue | Villager (Male) |
| 0:05 | Build | House |
| 0:07 | Build | House |
| 0:23 | Queue | Villager (Male) |
| 0:24 | Queue | Villager (Male) |
| 1:36 | Queue | Villager (Male) |
| 1:36 | Queue | Villager (Male) |
| 1:50 | Build | Lumber Camp |
| 2:13 | Queue | Villager (Male) |
| 2:13 | Queue | Villager (Male) |
| 2:36 | Queue | Villager (Male) |
| 2:36 | Queue | Villager (Male) |
| 2:56 | Queue | Villager (Male) |
| 2:56 | Queue | Villager (Male) |
| 3:21 | Queue | Villager (Male) |
| 3:22 | Queue | Villager (Male) |
| 3:53 | Queue | Villager (Male) |
| 3:53 | Queue | Villager (Male) |
| 4:02 | Queue | Villager (Male) |
| 4:02 | Queue | Villager (Male) |
| 4:02 | Queue | Villager (Male) |
| 4:11 | Build | House |
| 4:14 | Build | House |
| 4:29 | Queue | Villager (Male) |
| 4:30 | Queue | Villager (Male) |
| 4:43 | Build | Mill |
| 5:17 | Queue | Villager (Male) |
| 5:17 | Queue | Villager (Male) |
| 5:18 | Queue | Villager (Male) |
| 5:18 | Queue | Villager (Male) |
| 5:57 | Queue | Villager (Male) |
| 5:57 | Queue | Villager (Male) |
| 5:57 | Queue | Villager (Male) |
| 6:39 | Build | Mill |
| 7:01 | Research | Loom |
| 7:57 | Research | Feudal Age |
| 7:57 | Research | Feudal Age |
| 7:57 | Research | Feudal Age |
| 8:30 | Build | Barracks |
| 9:27 | Build | Farm |
| 9:27 | Build | Farm |
| 10:07 | Age | Feudal Age |
| 10:09 | Queue | Villager (Male) |
| 10:09 | Queue | Villager (Male) |
| 10:16 | Build | Stable |
| 10:27 | Build | Farm |
| 10:31 | Queue | Villager (Male) |
| 10:40 | Build | Farm |
| 11:00 | Queue | Villager (Male) |
| 11:02 | Queue | Scout Cavalry |
| 11:02 | Queue | Scout Cavalry |
| 11:17 | Build | Farm |
| 11:57 | Queue | Scout Cavalry |
| 11:58 | Queue | Villager (Male) |
| 12:01 | Build | House |
| 12:05 | Build | House |
| 12:28 | Queue | Villager (Male) |
| 12:42 | Build | Farm |
| 12:43 | Build | Farm |
| 12:43 | Build | Farm |
| 12:43 | Build | Farm |
Build order — Jeremy V
73 actions detected in the replay
| 0:02 | Research | Loom |
| 0:02 | Queue | Villager (Male) |
| 0:03 | Build | House |
| 0:04 | Build | House |
| 0:08 | Queue | Villager (Male) |
| 0:13 | Queue | Villager (Male) |
| 1:39 | Queue | Villager (Male) |
| 2:05 | Queue | Villager (Male) |
| 2:07 | Build | House |
| 2:40 | Queue | Villager (Male) |
| 3:22 | Build | Palisade Wall |
| 3:23 | Build | Palisade Wall |
| 3:23 | Build | Palisade Wall |
| 3:24 | Build | Palisade Wall |
| 3:24 | Build | Palisade Wall |
| 3:25 | Build | Palisade Wall |
| 3:25 | Build | Palisade Wall |
| 3:26 | Build | Palisade Wall |
| 3:26 | Build | Palisade Wall |
| 3:27 | Build | Palisade Wall |
| 3:28 | Build | Palisade Wall |
| 3:28 | Build | Palisade Wall |
| 3:35 | Queue | Villager (Male) |
| 3:37 | Queue | Villager (Male) |
| 3:37 | Queue | Villager (Male) |
| 4:07 | Queue | Villager (Male) |
| 4:22 | Queue | Villager (Male) |
| 4:33 | Build | Lumber Camp |
| 4:34 | Queue | Villager (Male) |
| 5:08 | Build | Palisade Wall |
| 5:08 | Build | Palisade Wall |
| 5:09 | Build | Palisade Wall |
| 5:09 | Build | Palisade Wall |
| 5:10 | Build | Palisade Wall |
| 5:10 | Build | Palisade Wall |
| 5:10 | Build | Palisade Wall |
| 5:10 | Build | Palisade Wall |
| 5:11 | Build | Palisade Wall |
| 5:11 | Build | Palisade Wall |
| 5:11 | Build | Palisade Wall |
| 5:12 | Build | Palisade Wall |
| 5:13 | Build | Palisade Wall |
| 5:14 | Build | Palisade Wall |
| 5:15 | Build | Palisade Wall |
| 5:22 | Queue | Villager (Male) |
| 5:32 | Queue | Villager (Male) |
| 5:42 | Queue | Villager (Male) |
| 7:05 | Queue | Villager (Male) |
| 7:24 | Build | Mining Camp |
| 8:04 | Research | Feudal Age |
| 8:47 | Build | Barracks |
| 9:34 | Queue | Villager (Male) |
| 9:42 | Build | House |
| 10:14 | Age | Feudal Age |
| 10:17 | Build | Archery Range |
| 10:19 | Build | Archery Range |
| 10:21 | Build | House |
| 10:26 | Build | Mill |
| 10:50 | Queue | Villager (Male) |
| 11:08 | Build | House |
| 11:12 | Build | Palisade Wall |
| 11:14 | Queue | Archer |
| 11:14 | Queue | Archer |
| 11:14 | Queue | Archer |
| 11:15 | Queue | Archer |
| 11:15 | Queue | Archer |
| 12:03 | Queue | Villager (Male) |
| 12:04 | Queue | Villager (Male) |
| 12:04 | Queue | Villager (Male) |
| 12:05 | Queue | Archer |
| 12:05 | Queue | Archer |
| 12:15 | Queue | Archer |
| 12:16 | Queue | Archer |
Build order — [Kpell] AdrianLeverkuhn
72 actions detected in the replay
| 0:05 | Build | House |
| 0:06 | Build | House |
| 0:08 | Queue | Villager (Male) |
| 0:08 | Queue | Villager (Male) |
| 0:08 | Queue | Villager (Male) |
| 0:08 | Queue | Villager (Male) |
| 0:08 | Queue | Villager (Male) |
| 1:27 | Queue | Villager (Male) |
| 1:27 | Queue | Villager (Male) |
| 1:27 | Queue | Villager (Male) |
| 1:47 | Build | Lumber Camp |
| 1:51 | Queue | Villager (Male) |
| 1:51 | Queue | Villager (Male) |
| 1:51 | Queue | Villager (Male) |
| 1:51 | Queue | Villager (Male) |
| 2:24 | Queue | Villager (Male) |
| 2:24 | Queue | Villager (Male) |
| 2:24 | Queue | Villager (Male) |
| 2:24 | Queue | Villager (Male) |
| 2:24 | Queue | Villager (Male) |
| 2:24 | Queue | Villager (Male) |
| 2:55 | Queue | Villager (Male) |
| 2:55 | Queue | Villager (Male) |
| 3:16 | Queue | Villager (Male) |
| 3:16 | Queue | Villager (Male) |
| 3:23 | Build | House |
| 3:24 | Build | House |
| 4:37 | Queue | Villager (Male) |
| 4:38 | Queue | Villager (Male) |
| 4:38 | Queue | Villager (Male) |
| 5:12 | Build | Mill |
| 5:29 | Queue | Villager (Male) |
| 5:39 | Research | Loom |
| 6:15 | Build | House |
| 6:40 | Research | Feudal Age |
| 7:25 | Build | Barracks |
| 8:11 | Queue | Villager (Male) |
| 8:11 | Queue | Villager (Male) |
| 8:44 | Age | Feudal Age |
| 8:50 | Build | Stable |
| 8:56 | Build | Farm |
| 9:09 | Queue | Villager (Male) |
| 9:30 | Queue | Villager (Male) |
| 9:33 | Build | Farm |
| 9:36 | Build | Farm |
| 9:42 | Build | House |
| 9:47 | Queue | Scout Cavalry |
| 9:56 | Queue | Scout Cavalry |
| 9:58 | Queue | Villager (Male) |
| 10:01 | Build | House |
| 10:07 | Build | House |
| 10:11 | Build | Palisade Gate |
| 10:12 | Build | Palisade Wall |
| 10:23 | Queue | Villager (Male) |
| 10:25 | Build | Farm |
| 10:39 | Build | Farm |
| 10:44 | Queue | Scout Cavalry |
| 10:44 | Queue | Scout Cavalry |
| 11:02 | Build | Farm |
| 11:06 | Queue | Villager (Male) |
| 11:19 | Queue | Villager (Male) |
| 11:21 | Build | Farm |
| 11:40 | Queue | Scout Cavalry |
| 12:01 | Queue | Villager (Male) |
| 12:03 | Build | Farm |
| 12:06 | Build | Farm |
| 12:10 | Queue | Villager (Male) |
| 12:25 | Queue | Villager (Male) |
| 12:29 | Build | Farm |
| 12:38 | Build | Farm |
| 13:03 | Queue | Villager (Male) |
| 13:04 | Queue | Villager (Male) |
Build order — DoomTester-Mhy
52 actions detected in the replay
| 0:02 | Queue | Villager (Male) |
| 0:03 | Queue | Villager (Male) |
| 0:04 | Build | House |
| 0:05 | Build | House |
| 0:33 | Queue | Villager (Male) |
| 0:51 | Queue | Villager (Male) |
| 1:23 | Build | Lumber Camp |
| 1:26 | Queue | Villager (Male) |
| 2:14 | Queue | Villager (Male) |
| 2:46 | Queue | Villager (Male) |
| 3:05 | Build | House |
| 3:21 | Queue | Villager (Male) |
| 3:36 | Queue | Villager (Male) |
| 4:06 | Queue | Villager (Male) |
| 4:41 | Queue | Villager (Male) |
| 4:54 | Build | Mill |
| 4:58 | Queue | Villager (Male) |
| 5:16 | Queue | Villager (Male) |
| 5:58 | Queue | Villager (Male) |
| 6:12 | Queue | Villager (Male) |
| 6:42 | Research | Loom |
| 7:00 | Research | Feudal Age |
| 7:50 | Build | House |
| 7:55 | Build | Palisade Wall |
| 8:01 | Build | Barracks |
| 8:14 | Queue | Villager (Male) |
| 8:37 | Queue | Villager (Male) |
| 8:51 | Build | House |
| 8:56 | Build | Palisade Wall |
| 9:01 | Queue | Villager (Male) |
| 9:13 | Build | Palisade Wall |
| 9:23 | Age | Feudal Age |
| 9:36 | Queue | Villager (Male) |
| 9:40 | Build | Stable |
| 9:53 | Build | House |
| 9:59 | Build | Palisade Wall |
| 10:01 | Queue | Villager (Male) |
| 10:04 | Research | Double-Bit Axe |
| 10:06 | Queue | Villager (Male) |
| 10:34 | Queue | Scout Cavalry |
| 10:47 | Build | House |
| 10:51 | Build | Mining Camp |
| 11:03 | Queue | Villager (Male) |
| 11:13 | Queue | Scout Cavalry |
| 11:18 | Build | House |
| 11:26 | Build | Palisade Wall |
| 11:36 | Build | Building 796 |
| 11:41 | Queue | Villager (Male) |
| 11:50 | Queue | Scout Cavalry |
| 12:02 | Queue | Villager (Male) |
| 12:18 | Build | Palisade Wall |
| 12:21 | Build | Palisade Wall |
Build order — Pablito
56 actions detected in the replay
| 0:01 | Queue | Villager (Male) |
| 0:01 | Queue | Villager (Male) |
| 0:01 | Queue | Villager (Male) |
| 0:03 | Build | House |
| 0:05 | Build | House |
| 0:23 | Queue | Villager (Male) |
| 1:32 | Build | Mill |
| 1:34 | Queue | Villager (Male) |
| 1:55 | Build | House |
| 2:10 | Queue | Villager (Male) |
| 2:29 | Queue | Villager (Male) |
| 2:58 | Queue | Villager (Male) |
| 3:24 | Queue | Villager (Male) |
| 3:41 | Queue | Villager (Male) |
| 4:02 | Queue | Villager (Male) |
| 4:13 | Queue | Villager (Male) |
| 4:42 | Queue | Villager (Male) |
| 5:17 | Queue | Villager (Male) |
| 5:47 | Research | Loom |
| 6:22 | Research | Feudal Age |
| 6:52 | Build | Lumber Camp |
| 7:35 | Build | House |
| 8:15 | Queue | Villager (Male) |
| 8:22 | Build | Barracks |
| 8:32 | Age | Feudal Age |
| 8:47 | Queue | Villager (Male) |
| 9:07 | Queue | Villager (Male) |
| 9:25 | Build | Stable |
| 9:28 | Queue | Villager (Male) |
| 9:55 | Build | Mill |
| 9:58 | Queue | Scout Cavalry |
| 10:08 | Build | House |
| 10:14 | Queue | Villager (Male) |
| 10:16 | Research | Double-Bit Axe |
| 10:17 | Research | Double-Bit Axe |
| 10:21 | Queue | Scout Cavalry |
| 10:36 | Queue | Scout Cavalry |
| 10:43 | Queue | Villager (Male) |
| 10:50 | Build | Farm |
| 10:58 | Build | Farm |
| 11:07 | Queue | Villager (Male) |
| 11:12 | Build | House |
| 11:21 | Queue | Scout Cavalry |
| 11:30 | Queue | Villager (Male) |
| 11:58 | Build | Farm |
| 11:59 | Build | Farm |
| 12:03 | Build | House |
| 12:11 | Queue | Villager (Male) |
| 12:12 | Build | Farm |
| 12:27 | Queue | Scout Cavalry |
| 12:32 | Build | Farm |
| 12:37 | Queue | Villager (Male) |
| 12:48 | Build | Farm |
| 12:52 | Queue | Villager (Male) |
| 12:57 | Build | Farm |
| 13:04 | Queue | Villager (Male) |
Build order — 你朋友
53 actions detected in the replay
| 0:01 | Queue | Villager (Male) |
| 0:01 | Queue | Villager (Male) |
| 0:03 | Build | House |
| 0:04 | Build | House |
| 0:10 | Queue | Villager (Male) |
| 0:16 | Queue | Villager (Male) |
| 0:16 | Queue | Villager (Male) |
| 1:31 | Queue | Villager (Male) |
| 1:31 | Queue | Villager (Male) |
| 1:52 | Queue | Villager (Male) |
| 1:52 | Queue | Villager (Male) |
| 1:58 | Build | Lumber Camp |
| 2:15 | Queue | Villager (Male) |
| 2:50 | Queue | Villager (Male) |
| 2:53 | Queue | Villager (Male) |
| 3:20 | Queue | Villager (Male) |
| 3:59 | Build | House |
| 4:05 | Queue | Villager (Male) |
| 4:32 | Build | Mill |
| 4:32 | Queue | Villager (Male) |
| 4:44 | Queue | Villager (Male) |
| 5:19 | Queue | Villager (Male) |
| 5:19 | Queue | Villager (Male) |
| 6:21 | Research | Feudal Age |
| 6:59 | Build | Mining Camp |
| 7:24 | Research | Loom |
| 7:35 | Build | Barracks |
| 8:24 | Build | House |
| 8:31 | Age | Feudal Age |
| 8:34 | Build | Archery Range |
| 8:39 | Queue | Villager (Male) |
| 9:00 | Queue | Villager (Male) |
| 9:11 | Build | Archery Range |
| 9:23 | Queue | Villager (Male) |
| 9:28 | Queue | Archer |
| 9:39 | Queue | Villager (Male) |
| 9:47 | Build | House |
| 9:55 | Queue | Archer |
| 10:09 | Queue | Villager (Male) |
| 10:14 | Build | Blacksmith |
| 10:21 | Build | House |
| 10:38 | Queue | Villager (Male) |
| 10:49 | Build | Palisade Wall |
| 10:56 | Queue | Archer |
| 10:57 | Queue | Archer |
| 11:15 | Research | Fletching |
| 11:15 | Research | Fletching |
| 11:20 | Build | Palisade Wall |
| 11:53 | Queue | Archer |
| 11:54 | Queue | Archer |
| 11:57 | Queue | Villager (Male) |
| 12:14 | Queue | Archer |
| 12:14 | Queue | Archer |
Build order — coconut_kr
66 actions detected in the replay
| 0:01 | Queue | Villager (Male) |
| 0:01 | Queue | Villager (Male) |
| 0:01 | Queue | Villager (Male) |
| 0:02 | Build | House |
| 0:04 | Build | House |
| 0:14 | Queue | Villager (Male) |
| 0:14 | Queue | Villager (Male) |
| 0:14 | Queue | Villager (Male) |
| 1:36 | Queue | Villager (Male) |
| 1:37 | Queue | Villager (Male) |
| 1:37 | Queue | Villager (Male) |
| 2:07 | Queue | Villager (Male) |
| 2:07 | Queue | Villager (Male) |
| 2:08 | Queue | Villager (Male) |
| 2:14 | Queue | Villager (Male) |
| 2:14 | Queue | Villager (Male) |
| 2:44 | Queue | Villager (Male) |
| 3:13 | Queue | Villager (Male) |
| 3:13 | Queue | Villager (Male) |
| 3:13 | Queue | Villager (Male) |
| 3:26 | Build | House |
| 3:37 | Queue | Villager (Male) |
| 3:37 | Queue | Villager (Male) |
| 3:54 | Build | Mill |
| 4:11 | Queue | Villager (Male) |
| 4:11 | Queue | Villager (Male) |
| 4:34 | Queue | Villager (Male) |
| 4:49 | Queue | Villager (Male) |
| 5:08 | Queue | Villager (Male) |
| 5:48 | Research | Loom |
| 5:52 | Build | Lumber Camp |
| 6:15 | Queue | Villager (Male) |
| 6:32 | Build | House |
| 6:45 | Research | Feudal Age |
| 6:46 | Research | Feudal Age |
| 8:05 | Build | Barracks |
| 8:14 | Build | House |
| 8:55 | Age | Feudal Age |
| 8:57 | Queue | Villager (Male) |
| 9:08 | Queue | Villager (Male) |
| 9:29 | Build | Stable |
| 9:42 | Queue | Villager (Male) |
| 9:53 | Build | Mill |
| 9:58 | Queue | Scout Cavalry |
| 9:58 | Queue | Scout Cavalry |
| 9:58 | Queue | Scout Cavalry |
| 10:11 | Research | Double-Bit Axe |
| 10:12 | Research | Double-Bit Axe |
| 10:12 | Queue | Villager (Male) |
| 10:21 | Queue | Spearman |
| 10:21 | Queue | Spearman |
| 10:56 | Build | Palisade Gate |
| 10:58 | Queue | Spearman |
| 11:06 | Build | Farm |
| 11:08 | Queue | Villager (Male) |
| 11:16 | Queue | Scout Cavalry |
| 11:26 | Queue | Villager (Male) |
| 11:38 | Build | House |
| 11:43 | Build | Farm |
| 12:02 | Queue | Villager (Male) |
| 12:21 | Build | Farm |
| 12:22 | Build | Farm |
| 12:24 | Build | House |
| 12:37 | Build | Farm |
| 12:46 | Queue | Scout Cavalry |
| 12:57 | Build | Farm |
Build order — 吉吉大王
66 actions detected in the replay
| 0:01 | Queue | Villager (Male) |
| 0:01 | Queue | Villager (Male) |
| 0:02 | Build | House |
| 0:04 | Build | House |
| 0:15 | Queue | Villager (Male) |
| 0:16 | Queue | Villager (Male) |
| 0:16 | Queue | Villager (Male) |
| 1:33 | Queue | Villager (Male) |
| 1:34 | Queue | Villager (Male) |
| 2:01 | Queue | Villager (Male) |
| 2:02 | Queue | Villager (Male) |
| 2:29 | Research | Loom |
| 2:30 | Research | Loom |
| 2:43 | Queue | Villager (Male) |
| 2:43 | Queue | Villager (Male) |
| 3:41 | Build | Lumber Camp |
| 3:48 | Queue | Villager (Male) |
| 3:48 | Queue | Villager (Male) |
| 3:48 | Queue | Villager (Male) |
| 4:19 | Build | House |
| 4:30 | Queue | Villager (Male) |
| 4:58 | Queue | Villager (Male) |
| 5:23 | Queue | Villager (Male) |
| 5:49 | Queue | Villager (Male) |
| 6:00 | Build | Mill |
| 6:17 | Queue | Villager (Male) |
| 6:40 | Queue | Villager (Male) |
| 6:43 | Queue | Villager (Male) |
| 7:10 | Build | House |
| 7:39 | Research | Feudal Age |
| 7:39 | Research | Feudal Age |
| 7:39 | Research | Feudal Age |
| 7:42 | Build | Mining Camp |
| 8:53 | Build | Barracks |
| 9:03 | Queue | Villager (Male) |
| 9:49 | Age | Feudal Age |
| 9:49 | Research | Double-Bit Axe |
| 9:50 | Research | Double-Bit Axe |
| 9:52 | Build | Archery Range |
| 10:07 | Queue | Villager (Male) |
| 10:29 | Build | Archery Range |
| 10:30 | Queue | Villager (Male) |
| 10:35 | Queue | Archer |
| 10:38 | Build | House |
| 10:57 | Queue | Villager (Male) |
| 11:01 | Queue | Archer |
| 11:04 | Queue | Spearman |
| 11:10 | Build | House |
| 11:18 | Build | Palisade Gate |
| 11:20 | Build | Palisade Wall |
| 11:23 | Queue | Villager (Male) |
| 11:36 | Queue | Archer |
| 11:48 | Build | Blacksmith |
| 11:58 | Queue | Villager (Male) |
| 11:58 | Queue | Villager (Male) |
| 12:01 | Queue | Archer |
| 12:01 | Queue | Archer |
| 12:01 | Queue | Archer |
| 12:05 | Queue | Archer |
| 12:17 | Queue | Archer |
| 12:36 | Research | Fletching |
| 12:36 | Research | Fletching |
| 12:42 | Build | House |
| 12:44 | Build | Mill |
| 12:54 | Queue | Archer |
| 12:54 | Queue | Archer |
Match timeline
| 3:22 | Jeremy V · wall_segment Palisade Wall x1 |
| 3:23 | Jeremy V · wall_segment Palisade Wall x1 |
| 3:23 | Jeremy V · wall_segment Palisade Wall x1 |
| 3:24 | Jeremy V · wall_segment Palisade Wall x1 |
| 3:24 | Jeremy V · wall_segment Palisade Wall x1 |
| 3:25 | Jeremy V · wall_segment Palisade Wall x1 |
| 3:25 | Jeremy V · wall_segment Palisade Wall x1 |
| 3:26 | Jeremy V · wall_segment Palisade Wall x1 |
| 3:26 | Jeremy V · wall_segment Palisade Wall x1 |
| 3:27 | Jeremy V · wall_segment Palisade Wall x1 |
| 3:28 | Jeremy V · wall_segment Palisade Wall x1 |
| 3:28 | Jeremy V · wall_segment Palisade Wall x1 |
| 5:08 | Jeremy V · wall_segment Palisade Wall x1 |
| 5:08 | Jeremy V · wall_segment Palisade Wall x1 |
| 5:09 | Jeremy V · wall_segment Palisade Wall x1 |
| 5:09 | Jeremy V · wall_segment Palisade Wall x1 |
| 5:10 | Jeremy V · wall_segment Palisade Wall x2 |
| 5:10 | Jeremy V · wall_segment Palisade Wall x1 |
| 5:10 | Jeremy V · wall_segment Palisade Wall x2 |
| 5:10 | Jeremy V · wall_segment Palisade Wall x1 |
| 5:11 | Jeremy V · wall_segment Palisade Wall x1 |
| 5:11 | Jeremy V · wall_segment Palisade Wall x2 |
| 5:11 | Jeremy V · wall_segment Palisade Wall x1 |
| 5:12 | Jeremy V · wall_segment Palisade Wall x2 |
| 5:13 | Jeremy V · wall_segment Palisade Wall x1 |
| 5:14 | Jeremy V · wall_segment Palisade Wall x1 |
| 5:15 | Jeremy V · wall_segment Palisade Wall x1 |
| 7:25 | [Kpell] AdrianLeverkuhn · first_building Barracks |
| 7:35 | 你朋友 · first_building Barracks |
| 7:55 | DoomTester-Mhy · wall_segment Palisade Wall x3 |
| 8:01 | DoomTester-Mhy · first_building Barracks |
| 8:05 | coconut_kr · first_building Barracks |
| 8:22 | Pablito · first_building Barracks |
| 8:30 | Flex · first_building Barracks |
| 8:31 | 你朋友 · age_up feudal |
| 8:32 | Pablito · age_up feudal |
| 8:34 | 你朋友 · first_building Archery Range |
| 8:44 | [Kpell] AdrianLeverkuhn · age_up feudal |
| 8:47 | Jeremy V · first_building Barracks |
| 8:50 | [Kpell] AdrianLeverkuhn · first_building Stable |
| 8:53 | 吉吉大王 · first_building Barracks |
| 8:55 | coconut_kr · age_up feudal |
| 8:56 | DoomTester-Mhy · wall_segment Palisade Wall x4 |
| 9:13 | DoomTester-Mhy · wall_segment Palisade Wall x3 |
| 9:23 | DoomTester-Mhy · age_up feudal |
| 9:25 | Pablito · first_building Stable |
| 9:29 | coconut_kr · first_building Stable |
| 9:40 | DoomTester-Mhy · first_building Stable |
| 9:49 | 吉吉大王 · age_up feudal |
| 9:52 | 吉吉大王 · first_building Archery Range |
| 9:59 | DoomTester-Mhy · wall_segment Palisade Wall x9 |
| 10:07 | Flex · age_up feudal |
| 10:12 | [Kpell] AdrianLeverkuhn · wall_segment Palisade Wall x1 |
| 10:14 | Jeremy V · age_up feudal |
| 10:16 | Flex · first_building Stable |
| 10:17 | Jeremy V · first_building Archery Range |
| 10:49 | 你朋友 · wall_segment Palisade Wall x4 |
| 11:12 | Jeremy V · wall_segment Palisade Wall x8 |
| 11:20 | 你朋友 · wall_segment Palisade Wall x5 |
| 11:20 | 吉吉大王 · wall_segment Palisade Wall x1 |
| 11:26 | DoomTester-Mhy · wall_segment Palisade Wall x4 |
| 12:18 | DoomTester-Mhy · wall_segment Palisade Wall x6 |
| 12:21 | DoomTester-Mhy · wall_segment Palisade Wall x7 |
| 12:22 | 你朋友 · resign |
[ AI ANALYSIS · 1 CREDIT ]
What really happened in this match?
Wolo.gg analyzes every decision: build order, eco, micro, common mistakes by bracket. Personalized analysis on WhatsApp or Discord in 30 seconds.
Civ guide
Franks
Perfil
Jugador #3452930